 Seeded DCSS version 0.29.1-2-gbd0b4ee654 (webtiles) character file.

Game seed: 3311 (custom seed)

242 Ashen the Magician (level 5, -2/38 HPs)
             Began as a Demonspawn Hedge Wizard on Oct 26, 2022.
             Was an Initiate of Vehumet.
             Splashed by a jelly's acid (9 damage)
             ... on level 4 of the Dungeon.
             The game lasted 00:08:48 (4870 turns).

Ashen the Magician (Demonspawn Hedge Wizard)        Turns: 4870, Time: 00:08:48

Health: -2/38      AC: -2    Str: 10    XL:     5   Next: 82%
Magic:  5/10       EV: 12    Int: 17    God:    Vehumet [......]
Gold:   189        SH:  0    Dex: 13    Spells: 3/11 levels left

rFire   . . .      SeeInvis .   g - +0 short sword (venom)
rCold   . . .      Faith    .   (no shield)
rNeg    . . .      Spirit   .   n - +0 leather armour
rPois   +          Reflect  .   l - +0 helmet
rElec   .          Harm     .   b - +1 cloak {rPois}
rCorr   .          Rampage  .   (no gloves)
Will    .....                   (no boots)
Stlth   ++........              (no amulet)
HPRegen 0.12/turn               (no ring)
MPRegen 0.12/turn               (no ring)

@: corroded
A: sturdy frame 2
a: Renounce Religion


You were on level 4 of the Dungeon.
You worshipped Vehumet.
Vehumet was noncommittal.
You visited 1 branch of the dungeon, and saw 4 of its levels.

You collected 189 gold pieces.

Inventory:

Hand Weapons
 a - a +0 dagger
 g - a +0 short sword of venom (weapon)
Armour
 b - a +1 cloak of poison resistance (worn)
 l - a +0 helmet (worn)
 n - a +0 leather armour (worn)
Scrolls
 c - a scroll of enchant armour {unknown}
 f - 3 scrolls of teleportation {unknown}
 h - 2 scrolls of identify {unknown}
 k - a scroll of noise {unknown}
 m - a scroll of fear {unknown}
 o - a scroll of poison {unknown}
Potions
 d - a potion of magic
 e - a potion of mutation {unknown}
 i - 2 potions of resistance {unknown}
 j - 2 potions of attraction {unknown}


   Skills:
 + Level 1.9 Fighting
 + Level 2.7 Dodging
 + Level 2.7 Stealth
 + Level 3.6 Spellcasting
 + Level 2.3 Conjurations
 - Level 2.0 Summonings
 - Level 2.0 Translocations
 + Level 0.4 Air Magic


You had 3 spell levels left.
You knew the following spells:

 Your Spells              Type           Power      Damage    Failure   Level
a - Magic Dart            Conj           40%        1d5       6%          1
b - Blink                 Tloc           18%        N/A       11%         2
c - Call Imp              Summ           9%         N/A       11%         2
d - Mephitic Cloud        Conj/Pois/Air  6%         N/A       34%         3

Your spell library contained the following spells:

 Spells                   Type           Power      Damage    Failure   Level
 Slow                     Hex            12%        N/A       17%         1
 Conjure Flame            Conj/Fire      6%         6-21      30%         3
 Frozen Ramparts          Ice            6%         1d1       45%         3
 Summon Ice Beast         Ice/Summ       6%         N/A       73%         4
 Ice Form                 Ice/Tmut       3%         N/A       86%         4


Dungeon Overview and Level Annotations

Branches:
Dungeon (4/15)
 Temple: D:4-7

Altars:
Sif Muna
Vehumet


Innate Abilities, Weirdness & Mutations

Your movements are less encumbered by armour. (ER -4)


Message History

The jelly quivers.
The kobold hits you with a +0 short sword.
You miss the kobold.
The kobold hits you with a +0 short sword.
You hit the kobold.
The kobold is poisoned.
The kobold is moderately wounded.
The kobold closely misses you.
You hit the kobold.
The kobold looks as sick as possible!
The kobold is heavily wounded.
The kobold misses you.
You kill the kobold!
Vehumet accepts your kill. The jelly barely misses you.
You hit the jelly.
Your hands burn!
The jelly is moderately wounded.
The jelly hits you. The acid corrodes you!
You are splashed with acid.
You hit the jelly but do no damage.
The jelly is poisoned.
Your hands burn!
The jelly is moderately wounded.
The jelly hits you but does no damage.
You hit the jelly.
Your hands burn!
The jelly is heavily wounded.
The jelly misses you. The jelly hits you but does no damage.
You hit the jelly but do no damage. The acid corrodes you!
Your hands burn!
The jelly is severely wounded.
The jelly hits you.
You are splashed with acid!
You hit the jelly but do no damage.
Your hands burn!
* * * LOW HITPOINT WARNING * * *
The jelly is severely wounded.
The jelly barely misses you.
Casting: Magic Dart (safe; 6% risk of failure)
Confirm with . or Enter, or press ? or * to list all spells.
Aiming: Magic Dart (safe; 6% risk of failure)
Press: ? - help, Shift-Dir - straight line, f - jelly
Aim: a jelly (severely wounded, very poisoned, 100% to hit)
The magic dart hits the jelly.
The jelly is almost dead.
The jelly hits you.
* * * LOW HITPOINT WARNING * * *
You are splashed with acid!
You die...

...............
...................
...................
...................
...................
...................
...........J.......
..........@).......
.......<...........
........†..........
...................
...................
...............#...
...................
######.............
#..#.........


You could see a jelly (very poisoned).

Vanquished Creatures
  An orc priest (D:3)
  3 orc wizards (D:3)
  An adder (D:3)
  2 worms
  2 dart slugs
  4 orcs (D:3)
  9 endoplasms
  4 giant cockroaches
  6 hobgoblins
  4 jackals (D:2)
  A quokka (D:2)
  8 ball pythons
  4 bats
  2 frilled lizards
  3 goblins
  4 kobolds
  5 rats
63 creatures vanquished.

Vanquished Creatures (collateral kills)
  Crazy Yiuf (D:2)
  An orc wizard (D:3)
2 creatures vanquished.

Grand Total: 65 creatures vanquished

Notes
Turn   | Place    | Note
-------+----------+-------------------------------------------
     0 | D:1      | Ashen the Demonspawn Hedge Wizard began the quest for the
                  | Orb.
     0 | D:1      | Reached XP level 1. HP: 13/13 MP: 4/4
   120 | D:1      | Reached skill level 1 in Translocations
   392 | D:1      | Gained mutation: Your movements are slightly less
                  | encumbered by armour. (ER -2) [demonic ancestry]
   392 | D:1      | Reached XP level 2. HP: 17/19 MP: 4/6
  1676 | D:2      | Gained mutation: Your movements are less encumbered by
                  | armour. (ER -4) [demonic ancestry]
  1676 | D:2      | Reached XP level 3. HP: 16/25 MP: 1/7
  1679 | D:2      | Learned a level 2 spell: Blink
  1682 | D:2      | Learned a level 2 spell: Call Imp
  1686 | D:2      | Learned a level 3 spell: Mephitic Cloud
  2575 | D:2      | Found a faded altar of an unknown god.
  2629 | D:2      | Found a runed translucent door.
  2630 | D:2      | Noticed Crazy Yiuf
  2857 | D:2      | Killed Crazy Yiuf
  2858 | D:2      | Reached skill level 1 in Fighting
  2858 | D:2      | Reached XP level 4. HP: 32/32 MP: 0/8
  3187 | D:3      | Found a radiant altar of Vehumet.
  3196 | D:3      | Became a worshipper of Vehumet
  3579 | D:3      | Reached XP level 5. HP: 4/37 MP: 6/10
  4186 | D:3      | Found a shimmering blue altar of Sif Muna.
  4870 | D:4      | Splashed by a jelly's acid

Illustrated notes

Levels and vault maps discovered:
D:1:      amcnicky_arrival_flooded_fountain, layout_loops_corners
D:2:      layout_basic, shapermc_ecumenical_altar_petra,
          nicolae_figureground_sparkle, uniq_crazy_yiuf_cottage
D:3:      layout_basic, nicolae_sif_muna_little_library,
          mainiacjoe_overflow_paths, serial_co_window_serial,
          co_window_of_opportunity_a, co_window_corner_a, co_window_paths_a,
          co_window_of_opportunity_a, co_window_of_opportunity_a,
          co_window_cross_3, co_window_unsneaky_path_c, co_window_corner_b,
          co_window_cross_4, co_window_unsneaky_path_c,
          co_window_of_opportunity_c, co_window_paths_d, glass_columns_a,
          glass_columns_a, glass_columns_a, glass_columns_c, glass_columns_b
D:4:      layout_layer_cave

Skill      XL: |  1  2  3  4  5 |
---------------+----------------+-----
Translocations | 1 2 |  2.0
Dodging        | 2 |  2.7
Stealth        | 2 |  2.7
Fighting       | 1 |  1.9
Conjurations   | 2 |  2.3
Summonings     | 2 |  2.0
Spellcasting   | |  3.6
Air Magic      | |  0.4

Action                   |  1- 3 |  4- 6 || total
-------------------------+-------+-------++-------
Melee: Dagger            |    28 |       ||    28
       Short sword       |    62 |    72 ||   134
       Punch             |     2 |       ||     2
 Cast: Magic Dart        |    44 |    44 ||    88
       Call Imp          |     5 |     3 ||     8
       Mephitic Cloud    |       |     1 ||     1
 Stab: Sleeping          |     3 |       ||     3
Armor: Robe              |    15 |       ||    15
       Leather armour    |       |    25 ||    25
Dodge: Dodged            |    78 |    31 ||   109
